 Dungeon Crawl Stone Soup version 0.20-a0-870-g4070442 (webtiles) character file.

121 Denreik the Vandal (level 5, -4/37 HPs)
             Began as a Formicid Arcane Marksman on Mar 14, 2017.
             Killed by divine providence
             ... invoked by an orc priest
              (11 damage)
             ... on level 3 of the Dungeon.
             The game lasted 00:12:08 (1723 turns).

Denreik the Vandal (Formicid Arcane Marksman)       Turns: 1723, Time: 00:12:09

Health: -4/37      AC:  3    Str: 14    XL:     5   Next: 26%
Magic:  0/6        EV: 12    Int: 13    God:
Gold:   86         SH:  0    Dex: 12    Spells: 2/6 levels left

rFire    . . .     SeeInvis +   b - +0 war axe
rCold    . . .     Gourm    .   k - +0 leather armour
rNeg     . . .     Faith    .   (no shield)
rPois    .         Spirit   +   (helmet unavailable)
rElec    .         Reflect  .   (no cloak)
rCorr    .         Harm     .   (no gloves)
MR       .....                  (no boots)
Stlth    +.........             o - amulet of guardian spirit
Regen    0.2/turn               (no ring)
MPRegen  0.1/turn               (no ring)

@: no status effects
A: permanent stasis, dig shafts and tunnels, four strong arms, antennae 3
a: Dig, Shaft Self


You were on level 3 of the Dungeon.
You were not hungry.

You visited 1 branch of the dungeon, and saw 3 of its levels.

You collected 86 gold pieces.

Inventory:

Hand Weapons
 a - a +0 hunting sling
 b - a +0 war axe (weapon)
 d - a +0 trident
Armour
 e - a +0 robe
 k - a +0 leather armour (worn)
 m - a +2 scale mail of poison resistance
 t - a +0 leather armour
Jewellery
 o - an amulet of guardian spirit (around neck)
Scrolls
 g - a scroll of amnesia {unknown}
 n - 4 scrolls of identify {unknown}
 r - 2 scrolls of teleportation {unknown}
Potions
 l - 2 potions of agility
 p - a potion of lignification {unknown}
 q - a potion of curing
Books
 c - a book of Debilitation

   Spells                             Type                      Level
   a - Corona                         Hexes                        1
   b - Slow                           Hexes                        2
   c - Inner Flame                    Hexes/Fire                   3
   d - Portal Projectile              Hexes/Translocation          3
   e - Cause Fear                     Hexes                        4
   f - Leda's Liquefaction            Hexes/Earth                  4
Comestibles
 f - 2 bread rations
 h - 2 meat rations
 i - 2 royal jellies


   Skills:
 - Level 1.1 Fighting
 * Level 5.4 Slings
 - Level 1.7 Dodging
 - Level 1.1 Spellcasting
 + Level 3.7 Hexes


You had 2 spell levels left.
You knew the following spells:

 Your Spells              Type           Power        Failure   Level  Hunger
a - Corona                Hex            ##.....      10%         1    ##.....
b - Inner Flame           Hex/Fire       #.......     54%         3    ####...


Dungeon Overview and Level Annotations

Branches:
Dungeon (3/15)

Altars:


Innate Abilities, Weirdness & Mutations

You cannot be hasted, slowed, berserked, paralysed or teleported.
You can dig through walls and to a lower floor.
Your four strong arms can wield two-handed weapons with a shield.
You have a pair of large antennae on your head. (SInv)


Message History

You closely miss the orc wizard.
The orc wizard is almost dead.
The orc wizard closely misses you.
The orc wizard points at you and mumbles some strange words.
The puff of flame hits the orc wizard.
The orc wizard dies!
You barely miss the orc priest.
The orc priest is moderately wounded.
You hear the quick rusting of a very distant drain.
The orc priest calls down the wrath of Beogh upon you.
Beogh smites you!
* * * LOW HITPOINT WARNING * * *
The orc priest closely misses you.
You completely miss the orc priest.
The orc priest is moderately wounded.
The orc priest hits you with a hand axe.
* * * LOW HITPOINT WARNING * * *
The orc priest invokes the aid of Beogh against you.
Beogh smites you!
You die...

##...((....#
###...##.###.#
.......#.#
##.[.#..#
#..#.####.#
#..o.....#
###o###### #+# #.#
#.# #@# #.# #.#
##.## #.# ##...##
#.# #.....# #.#
##รท..### #.#
###....#########.#
.....#...........#
###.##############


You could see an orc priest and an orc wizard (invisible).

Vanquished Creatures
  Terence (D:3)
  2 adders (D:2)
  A worm (D:2)
  6 dart slugs
  2 orcs (D:3)
  A ball python (D:2)
  8 bats
  A giant cockroach (D:2)
  8 goblins
  6 hobgoblins
  2 jackals (D:2)
  4 kobolds (D:1)
  A quokka (D:2)
  3 frilled lizards
  3 rats
49 creatures vanquished.

Vanquished Creatures (others)
  An orc wizard (D:3)
1 creature vanquished.

Grand Total: 50 creatures vanquished

Notes
Turn   | Place    | Note
-------+----------+-------------------------------------------
     0 | D:1      | Denreik the Formicid Arcane Marksman began the quest for the Orb.
     0 | D:1      | Reached XP level 1. HP: 15/15 MP: 2/2
   103 | D:1      | Reached XP level 2. HP: 21/21 MP: 1/3
   107 | D:1      | Reached skill level 3 in Slings
   334 | D:1      | Reached XP level 3. HP: 20/26 MP: 2/4
   339 | D:1      | Learned a level 3 spell: Inner Flame
   658 | D:2      | Reached skill level 4 in Slings
   837 | D:2      | Reached XP level 4. HP: 32/32 MP: 5/5
  1404 | D:3      | Noticed Terence
  1443 | D:3      | Killed Terence
  1443 | D:3      | Reached skill level 5 in Slings
  1443 | D:3      | Reached XP level 5. HP: 8/37 MP: 3/6
  1723 | D:3      | Killed from afar by an orc priest

Vault maps used:
D:1:      lightli_arrival_maybe_door_vault
D:2:      first_bread
D:3:      portal_sewer_entry_d, uniq_jessica, uniq_terence

Skill      XL: |  1  2  3  4 |
---------------+-------------+-----
Slings         | 3 4 5 |  5.4
Fighting       | |  1.1
Dodging        | |  1.7
Spellcasting   | |  1.1
Hexes          | |  3.7

Action                   |  1- 3 |  4- 6 || total
-------------------------+-------+-------++-------
Melee: Mace              |     7 |     2 ||     9
       War axe           |       |    11 ||    11
 Fire: Hunting sling     |    91 |    77 ||   168
 Cast: Corona            |     5 |       ||     5
  Use: Potion            |       |     2 ||     2
  Eat: Chunk             |       |     3 ||     3
Armor: Robe              |     1 |       ||     1
       Leather armour    |     2 |     7 ||     9
Dodge: Dodged            |    28 |    32 ||    60
